 Dungeon Crawl Stone Soup version 0.17.0-28-g6e173f8 (webtiles) character file.

183 Raultor the Insei (level 5, 0/28 HPs)
             Began as a Vine Stalker Monk on Nov 22, 2015.
             Succumbed to a worker ant's poison
             ... on level 3 of the Dungeon.
             The game lasted 00:06:23 (2313 turns).

Raultor the Insei (Vine Stalker Monk)               Turns: 2313, Time: 00:06:24

Health: 0/28       AC:  5    Str: 14    XL:     5   Next: 62%
Magic:  1/6        EV: 13    Int: 10    God:
Gold:   105        SH:  0    Dex: 17    Spells: 0 memorised, 4 levels left

rFire  . . .     SeeInvis .       - Unarmed
rCold  . . .     Clarity  .     l - +0 leather armour
rNeg   . . .     SustAt   +     (no shield)
rPois  .         Gourm    .     (no helmet)
rElec  .         Spirit   +     c - +0 cloak
rCorr  .         Warding  .     (no gloves)
rMut   .         Stasis   .     q - +0 pair of boots
MR     +....                    (no amulet)
Stlth  ++........               v - ring of sustain attributes
                                p - ring of protection from magic

@: lethally poisoned (0 -> -1), somewhat resistant to hostile enchantments,
unstealthy
A: fangs 2, regeneration 1, magic shield, antimagic bite, no device heal 3, rot
immunity
a: no special abilities


You were on level 3 of the Dungeon.
You were hungry.

You visited 1 branch of the dungeon, and saw 4 of its levels.

You collected 105 gold pieces.

Inventory:

Armour
 c - a +0 cloak (worn)
 l - a +0 leather armour (worn)
 q - a +0 pair of boots (worn)
Jewellery
 p - a ring of protection from magic (left hand)
 s - an uncursed ring of protection from cold
 v - a ring of sustain attributes (right hand)
Scrolls
 d - 2 scrolls of teleportation {unknown}
 e - a scroll of amnesia {unknown}
 g - 2 scrolls of remove curse {unknown}
 i - a scroll of immolation {unknown}
 k - 2 scrolls of identify {unknown}
 o - 2 scrolls of fog {unknown}
 t - a scroll of fear {unknown}
Potions
 a - a potion of might {unknown}
 f - a potion of flight {unknown}
 n - a potion of lignification {unknown}
 r - a potion of poison {unknown}
 u - 2 potions of heal wounds {unknown}
Comestibles
 b - 2 bread rations
 h - 2 meat rations
 j - a beef jerky
 m - a chunk of flesh


   Skills:
 + Level 3.3 Fighting
 + Level 1.2 Armour
 + Level 3.1 Dodging
 - Level 2.4 Stealth
 * Level 5.4 Unarmed Combat


You had 4 spell levels left.
You didn't know any spells.

Dungeon Overview and Level Annotations

Branches:
Dungeon (4/15)
 Temple: D:4-7

Altars:
Nemelex Xobeh


Innate Abilities, Weirdness & Mutations

You have extremely sharp teeth.
Your natural rate of healing is unusually fast.
When hurt, damage is shared between your health and your magic reserves.
Your bite disrupts and absorbs the magic of your enemies.
Potions and wands cannot restore your health.
You are immune to rotting.


Message History

You feel sick. The phantom hits you.
The phantom blinks!
The worker ant bites you.
* * * LOW HITPOINT WARNING * * *
You climb upwards.
* * * LOW HITPOINT WARNING * * *
You feel sick.
There is a stone staircase leading down here.
Unknown command.
* * * LOW HITPOINT WARNING * * *
You feel sick. The worker ant bites you.
* * * LOW HITPOINT WARNING * * *
* * * LOW HITPOINT WARNING * * *
You feel sick.
* * * LOW HITPOINT WARNING * * *
You feel sick.
* * * LOW HITPOINT WARNING * * *
You feel sick.
* * * LOW HITPOINT WARNING * * *
You feel sick. The worker ant closely misses you.
You die...

...##.....###'###.....#######.###
...##.....#...........##.........
...##.....#.........._##.........
....#.....#...........##.........
......................##.........
....###.#########.######.........
....# #.##........### ##.......#
....###.#...........# #######.#
##...##.#.......@...# #.#
#.#.##.#...........# #.#
#.#..#.#.....a.....# #.#
#.##.#.#...........# #.#
#.##.).#.......#'### ### #.#
#.###..#.......#.# #.# #.#
##.##.........#.#.#####.#######.#
...##(........#.#....##......##..
#####.........#.#....##.###.##...


You could see a worker ant.

Vanquished Creatures
  A jelly (D:3)
  Ijyb (D:2)
  A worker ant (D:3)
  3 gnolls (D:2)
  An adder (D:2)
  2 worms
  2 giant geckos
  An orc (D:3)
  6 bats
  2 giant cockroaches
  6 goblins
  10 hobgoblins
  7 jackals
  7 kobolds
  A ball python (D:2)
  2 giant newts (D:1)
  5 rats
58 creatures vanquished.

Notes
Turn   | Place    | Note
--------------------------------------------------------------
     0 | D:1      | Raultor the Vine Stalker Monk began the quest for the Orb.
     0 | D:1      | Reached XP level 1. HP: 11/11 MP: 2/2
   116 | D:1      | Reached XP level 2. HP: 10/16 MP: 3/3
   801 | D:1      | Reached XP level 3. HP: 17/19 MP: 4/4
  1179 | D:2      | Reached XP level 4. HP: 7/24 MP: 2/5
  1186 | D:2      | Reached skill level 5 in Unarmed Combat
  1440 | D:2      | Noticed Ijyb
  1476 | D:2      | Killed Ijyb
  1476 | D:2      | Reached skill level 1 in Armour
  1490 | D:2      | Reached XP level 5. HP: 26/28 MP: 6/6
  2089 | D:3      | Found a sparkling altar of Nemelex Xobeh.
  2291 | D:4      | Noticed a phantom
  2310 | D:3      | HP: 1/28 [poisoned by a worker ant]
  2313 | D:3      | Succumbed to a worker ant's poison

Action                   |  1- 3 |  4- 6 || total
-------------------------+-------+-------++-------
Melee: Unarmed           |    97 |    98 ||   195
 Stab: Sleeping          |     4 |     3 ||     7
  Eat: Chunk             |     1 |     3 ||     4
